 Dungeon Crawl Stone Soup version 0.23-a0-85-g22930c1 (webtiles) character file.

22 Amnesiac the Digger (level 2, 0/19 HPs)
             Began as a Mummy Earth Elementalist on Aug 13, 2018.
             Slain by a goblin (1 damage)
             ... led by Robin
             ... on level 3 of the Dungeon.
             The game lasted 00:01:56 (650 turns).

Amnesiac the Digger (Mummy Earth Elementalist)       Turns: 650, Time: 00:01:57

Health: 0/19       AC:  2    Str: 11    XL:     2   Next: 68%
Magic:  3/6        EV: 12    Int: 14    God:
Gold:   21         SH:  0    Dex: 12    Spells: 5/7 levels left

rFire    x . .     SeeInvis .   e - -1 mace (curse)
rCold    + . .     Gourm    .   (no shield)
rNeg     + + +     Faith    .   c - +0 robe
rPois    ∞         Spirit   .   (no helmet)
rElec    .         Reflect  .   (no cloak)
rCorr    .         Harm     .   (no gloves)
MR       .....                  (no boots)
Stlth    ++........             (no amulet)
HPRegen  0.06/turn              (no ring)
MPRegen  0.10/turn              (no ring)

@: very slightly contaminated
A: no food or potions, fire vulnerability, cold resistance 1, negative energy
resistance 3, torment resistance, unbreathing
a: no special abilities


You were on level 3 of the Dungeon.
You were not hungry.

You visited 1 branch of the dungeon, and saw 3 of its levels.

You collected 21 gold pieces.

Inventory:

Hand Weapons
 e - a cursed -1 mace (weapon)
 h - a +0 falchion
Missiles
 b - 39 stones (quivered)
 g - 8 curare-tipped needles
Armour
 c - a +0 robe (worn)
Scrolls
 a - a scroll of magic mapping {!r}
 d - a scroll of enchant weapon {!r, unknown}


   Skills:
 - Level 1.5 Dodging
 - Level 1.5 Stealth
 + Level 3.1 Spellcasting
 - Level 0.7 Transmutations
 * Level 3.1 Earth Magic


You had 5 spell levels left.
You knew the following spells:

 Your Spells              Type           Power        Failure   Level  Hunger
b - Passwall              Tmut/Erth      #.......     14%         2    N/A

Your spell library contained the following spells:

 Spells                   Type           Power        Failure   Level  Hunger
 Stone Arrow              Conj/Erth      #.....       32%         3    N/A
 Lee's Rapid Deconstruct  Erth           ##........   85%         5    N/A
 Sandblast                Erth           ##....       6%          1    N/A
 Petrify                  Tmut/Erth      #.......     67%         4    N/A

Dungeon Overview and Level Annotations

Branches:
Dungeon (3/15)

Altars:

Annotations:
D:3 Robin


Innate Abilities, Weirdness & Mutations

You do not eat or drink.
Your flesh is vulnerable to fire.
You are immune to poison.
Your flesh is cold resistant. (rC+)
You are immune to negative energy. (rN+++)
You are immune to unholy pain and torment.
You can survive without breathing.


Message History

You hear a shout!
You hit the goblin.
You kill the goblin!
The bat hits you but does no damage.
A goblin comes into view. It is wielding a club.
Robin throws the goblin at you!
Casting: Sandblast (safe; 6% risk of failure)
Confirm with . or Enter, or press ? or * to list all spells.
Aiming: Sandblast (safe; 6% risk of failure)
Press: ? - help, Shift-Dir - straight line, f - goblin
Aim: a goblin The blast of sand hits the goblin.
You kill the goblin!
b - 40 stones The bat hits you but does no damage.
The bat hits you but does no damage.
Robin points. "Kill!"
Robin closely misses you. The goblin hits you.
A goblin comes into view.
You hear the rusting of a distant drain.
The bat hits you. The goblin barely misses you. Robin throws the goblin at you!
You hit the goblin.
The goblin is severely wounded.
The bat misses you. The bat barely misses you. The goblin barely misses you.
The bat closely misses you. The goblin barely misses you.
A goblin comes into view. It is wielding a club.
The goblin barely misses you.
Casting: Sandblast (safe; 6% risk of failure)
Confirm with . or Enter, or press ? or * to list all spells.
Aiming: Sandblast (safe; 6% risk of failure)
Press: ? - help, Shift-Dir - straight line, f - Robin
Aim: Robin, wielding a mace, wearing an animal skin and wearing a helmet You miscast Sandblast.
You are very lightly contaminated with residual magic.
Nothing appears to happen.
The bat misses you. Robin hits you with a mace.
Casting: Sandblast (safe; 6% risk of failure)
Confirm with . or Enter, or press ? or * to list all spells.
Aiming: Sandblast (safe; 6% risk of failure)
Press: ? - help, Shift-Dir - straight line, f - goblin, p - Robin
Aim: a goblin, wielding a club (severely wounded)
The blast of sand hits the goblin.
You kill the goblin!
b - 39 stones The goblin hits you.
Robin throws the goblin at you!
A goblin comes into view. It is wielding a club.
The goblin hits you.
* * * LOW HITPOINT WARNING * * *
The goblin hits you with a dagger of venom.
* * * LOW HITPOINT WARNING * * *
You closely miss the goblin. The goblin hits you but does no damage.
Robin roars a battlecry!
The goblins go into a battle-frenzy!
The goblin hits you.
* * * LOW HITPOINT WARNING * * *
The goblin hits you with a dagger of venom.
* * * LOW HITPOINT WARNING * * *
The goblin hits you.
* * * LOW HITPOINT WARNING * * *
Unknown command.
Really read
f - a scroll labeled CYFECW ZOPAZXU {!r}?
As you read the scroll labeled CYFECW ZOPAZXU {!r}, it crumbles to dust.
It is a scroll of amnesia.
Your memory of Sandblast unravels.
The goblin hits you.
You die...

,,,,,,,,,,,,***,,,,,,,,,,,,,*
,,*,****,**,,,......,,,,,,,,*
≈<,,,,,*,**####....,,,,,,,,,*
≈*****,*,*,,.......,,,,,,,,,*
*,,,,,,,,,,,,.....,,,,,,,,,>*
****,*,*,*,*,,....,,#*,******
*,,,,,,*,*,*,,,..#*.#*,*
*,**,***,*,***,#g##g#*,*****
*,,,,,,,,,,,,,,#@ggg##...*,##**
*,,,,,,,,,,,,,,#ggb....#g#...,*
*,,,,,,,,,,,,,,#g#####.#.#.##,#
*,,,,,,,,,,,,,,#.# #.#....#.#
*,,,,,,,,,,,,,,#.#####.g....#.#
*,,,,,,,,,,,,,,#.##..g........#**
,,,,,,,,,,,,,,,#.##.##.......,,,,
,,,,,,,,,,,,,,,#....g..###.#*****
,,,,,,,,,,,,,,,####........#*,,,,


You could see Robin, 7 goblins and a bat.

Vanquished Creatures
  A dart slug (D:3)
  A leopard gecko (D:3)
  3 orcs (D:3)
  A bat (D:2)
  A giant cockroach (D:2)
  4 goblins
  A kobold (D:2)
  A frilled lizard (D:1)
  A rat (D:1)
14 creatures vanquished.

Notes
Turn   | Place    | Note
-------+----------+-------------------------------------------
     0 | D:1      | Amnesiac the Mummy Earth Elementalist began the quest for the Orb.
     0 | D:1      | Reached XP level 1. HP: 13/13 MP: 4/4
   515 | D:3      | Reached XP level 2. HP: 19/19 MP: 2/5
   519 | D:3      | Learned a level 2 spell: Passwall
   641 | D:3      | Noticed Robin
   650 | D:3      | Slain by a goblin

Vault maps used:
D:1:      erik_arrival_triangle_medium
D:2:      cheibrodos_greedy_goblins, uniq_crazy_yiuf_cottage
D:3:      lightli_sewer_entry_pipes, uniq_robin

Skill      XL: |  1  2 |
---------------+-------+-----
Spellcasting   | 3 |  3.1
Earth Magic    | 3 |  3.1
Dodging        | |  1.5
Stealth        | |  1.5
Transmutations | |  0.7

Action                   || total
-------------------------++-------
Melee: Mace              ||    16
       Unarmed           ||     9
 Cast: Sandblast         ||    14
  Use: Scroll            ||     2
Armor: Robe              ||    10
Dodge: Dodged            ||    34

Table legend:
 A = Non-vault XP
 B = Vault XP
 C = Vault XP percentage of total XP
 D = Non-vault monster count
 E = Vault monster count
 F = Vault count percentage of total count
 G = Total turns spent on level
                 A         B        C        D         E       F
            +---------+---------+-------+---------+---------+-------
      Total |      26 |       6 |  18.8 |      11 |       3 |  21.4
            +---------+---------+-------+---------+---------+-------
        D:1 |       4 |       0 |   0.0 |       3 |       0 |   0.0
        D:2 |       6 |       0 |   0.0 |       3 |       0 |   0.0
        D:3 |      16 |       6 |  27.3 |       5 |       3 |  37.5
            +---------+---------+-------+---------+---------+-------
